Jets vs Blues
Created - November 24, 2025 at 19:09
Goals
|
| Jets |
1 |
0 |
3 |
4 |
| Blues |
1 |
2 |
0 |
3 |
|
Shots
|
| Jets |
12 |
6 |
11 |
29 |
| Blues |
10 |
13 |
11 |
34 |
|
1st period
1. Jets , Jack Roslovic 3 (Mika Zibanejad 4, Troy Stetcher 2) at 7:32
2. Blues , Jordan Kyrou 7 (Tyler Toffoli 4, Seth Jones 6) at 12:42
Penalties :
Jalen Chatfield (Win) for Hooking (Minor) at 4:19
2nd period
3. Blues , Filip Forsberg 3 (Alexander Kerfoot 6, Josh Morrissey 3) at 1:39
4. Blues , Jordan Kyrou 8 (Alexander Kerfoot 7, Filip Forsberg 6) at 6:42 (PP)
Penalties :
Jack Roslovic (Win) for Roughing (Minor) at 2:46, Frank Vatrano (Win) for Hooking (Minor) at 5:19
3rd period
5. Jets , Dougie Hamilton 3 (Ryan Murray 3, Jacob Markstrom) at 3:58 (PP)
6. Jets , Mika Zibanejad 2 (Ryan Murray 4) at 11:53
7. Jets , Jack Roslovic 4 (Mika Zibanejad 5, Anthony Mantha 4) at 14:21
Penalties :
Cody Ceci (Stl) for Holding (Minor) at 3:47, Ethan Bear (Stl) for Slashing (Minor) at 4:26, Tyler Toffoli (Stl) for Slashing (Minor) at 10:17, Jack Roslovic (Win) for Hooking (Minor) at 11:06
Goalie Stats
Jacob Markstrom (Win), 31 saves from 34 shots - (0.912), W, 4-3-1, 60:00 minutes
Jake Oettinger (Stl), 25 saves from 29 shots - (0.862), L, 1-5-0, 59:08 minutes
Players Stats for Jets
Player Name G A P +/- PIM S H SB GA TA FO MP PP MP PK MP
------------------------------------------------------------------------------------
Alex Tuch 0 0 0 -1 0 2 4 0 0 0 0/0 15:07 1:20 0:00
Anthony Beauvillier 0 0 0 0 0 3 1 0 1 1 0/0 10:37 0:00 0:38
Anthony Mantha 0 1 1 3 0 3 1 0 1 1 0/0 21:27 1:39 3:13
Dougie Hamilton 1 0 1 1 0 2 0 2 0 1 0/0 27:26 1:35 3:46
Dylan Strome 0 0 0 -1 0 1 1 0 0 0 4/6 11:52 0:00 0:41
Frank Vatrano 0 0 0 0 2 1 1 0 0 0 0/1 9:53 0:00 0:00
Jack Roslovic 2 0 2 2 4 6 0 0 0 0 3/5 16:42 1:38 0:00
Jalen Chatfield 0 0 0 0 2 0 0 1 0 0 0/0 14:25 0:00 0:00
Mika Zibanejad 1 2 3 3 0 4 0 0 0 2 14/26 21:09 1:39 3:15
Nikita Zaitsev 0 0 0 0 0 1 1 0 0 1 0/0 13:14 0:00 0:00
Noah Hanifin 0 0 0 0 0 1 2 0 0 0 0/0 19:03 1:24 2:24
Pavel Buchnevich 0 0 0 -1 0 3 1 0 2 0 0/0 17:35 1:20 2:28
Robby Fabbri 0 0 0 -1 0 0 2 0 0 1 0/0 10:51 0:00 0:00
Roope Hintz 0 0 0 0 0 1 0 0 1 0 0/1 9:54 0:00 0:00
Ryan Murray 0 2 2 1 0 0 1 0 0 1 0/0 27:24 1:35 3:46
Sam Reinhart 0 0 0 -1 0 0 1 1 0 0 0/0 10:51 0:00 0:00
Troy Stetcher 0 1 1 0 0 0 1 0 0 0 0/0 17:54 1:24 2:24
Tyler Seguin 0 0 0 -1 0 1 0 1 0 0 4/14 17:12 1:20 2:05
Players Stats for Blues
Player Name G A P +/- PIM S H SB GA TA FO MP PP MP PK MP
------------------------------------------------------------------------------------
Alexander Kerfoot 0 2 2 -2 0 1 1 1 2 0 17/34 21:10 3:38 0:00
Cody Ceci 0 0 0 -1 2 2 0 0 0 1 0/0 20:15 0:00 1:54
Dominik Simon 0 0 0 1 0 3 3 0 1 0 0/0 16:20 2:32 0:26
Ethan Bear 0 0 0 -2 2 0 0 2 1 1 0/0 20:31 0:27 0:00
Filip Forsberg 1 1 2 -2 0 4 0 0 0 1 0/1 21:10 3:38 0:00
Henri Jokiharju 0 0 0 0 0 0 1 0 0 1 0/0 18:39 1:59 1:05
Jeremy Lauzon 0 0 0 1 0 2 1 2 0 0 0/0 15:33 3:44 1:05
Joachim Blichfeld 0 0 0 0 0 4 0 0 0 0 1/1 12:33 0:00 0:00
Jordan Kyrou 2 0 2 1 0 3 1 1 0 0 0/1 16:21 3:28 0:00
Josh Morrissey 0 1 1 1 0 1 3 1 0 0 0/0 18:58 1:59 1:54
Jujhar Khaira 0 0 0 0 0 0 1 1 0 0 1/1 14:03 0:00 1:30
Nikolaj Ehlers 0 0 0 -1 0 2 1 0 0 0 0/1 18:58 2:32 0:00
Pierre Engvall 0 0 0 0 0 1 1 0 0 0 0/2 10:22 0:00 2:08
Rourke Chartier 0 0 0 0 0 0 0 0 2 0 1/2 7:52 0:00 0:05
Seth Jones 0 1 1 -1 0 1 0 3 1 1 0/0 25:14 4:11 0:00
Tyler Toffoli 0 1 1 1 2 7 2 0 0 0 4/5 17:04 2:42 1:24
Vincent Trocheck 0 0 0 0 0 3 1 1 1 0 4/5 12:58 0:00 0:25
Wayne Simmonds 0 0 0 0 0 0 1 0 0 0 0/0 7:47 0:00 0:00
3 Stars
1 - Mika Zibanejad (Win)
2 - Jordan Kyrou (Stl)
3 - Jack Roslovic (Win)
Power Play
Jets - 1 on 3 Attempt(s) - 33.33%
Blues - 1 on 4 Attempt(s) - 25.00%
Penalty Kill
Jets - 3 on 4 Attempt(s) - 75.00%
- Score 0 goal in Penalty Kill
Blues - 2 on 3 Attempt(s) - 66.67%
- Score 0 goal in Penalty Kill
Team Stat
Jets - Hits : 17 - Faceoff Wins : 25 - Blocked Shots : 5 - Penalty Minutes : 8
Blues - Hits : 17 - Faceoff Wins : 28 - Blocked Shots : 12 - Penalty Minutes : 6
Official
Referees : Marc Joannette and Ian Walsh
Linesman : Julien Fournier and Matt MacPherson
Game Notes
No Game Note
Finance
Level 1 -- Attendance: 5492 (91.53%) -- Ticket Income $549,200
Level 2 -- Attendance: 4673 (93.46%) -- Ticket Income $327,110
Level 3 -- Attendance: 1804 (90.20%) -- Ticket Income $72,160
Level 4 -- Attendance: 3649 (91.23%) -- Ticket Income $109,470
Luxury Box -- Attendance: 990 (99.00%) -- Ticket Income $198,000
Game was played at the Enterprise Center.
Total Attendance: 16608 (92.27%)
Total Ticket Income: $1,255,940
Other Income: $188,391
Total Income: $1,444,331
Jets
5 vs 5 Forward
Center Left Wing Right Wing Time % Phy DF OF
1 Mika Zibanejad Anthony Mantha Jack Roslovic 33 0 2 3
2 Tyler Seguin Pavel Buchnevich Alex Tuch 32 1 2 2
3 Dylan Strome Robby Fabbri Sam Reinhart 20 0 2 3
4 Roope Hintz Anthony Beauvillier Frank Vatrano 15 1 2 2
5 vs 5 Defense
Defense Defense Time % Phy DF OF
1 Ryan Murray Dougie Hamilton 35 1 2 2
2 Troy Stetcher Noah Hanifin 30 1 2 2
3 Jalen Chatfield Nikita Zaitsev 25 1 2 2
4 Ryan Murray Dougie Hamilton 10 1 2 2
PowerPlay Forward
Center Left Wing Right Wing Time % Phy DF OF
1 Mika Zibanejad Anthony Mantha Jack Roslovic 60 1 0 4
2 Tyler Seguin Pavel Buchnevich Alex Tuch 40 1 0 4
PowerPlay Defense
Defense Defense Time % Phy DF OF
1 Ryan Murray Dougie Hamilton 60 0 1 4
2 Troy Stetcher Noah Hanifin 40 0 1 4
Penalty Kill 4 Players Forward
Center Wing Time % Phy DF OF
1 Mika Zibanejad Anthony Mantha 60 0 3 2
2 Tyler Seguin Pavel Buchnevich 40 0 3 2
Penalty Kill 4 Players Defense
Defense Defense Time % Phy DF OF
1 Ryan Murray Dougie Hamilton 60 1 3 1
2 Troy Stetcher Noah Hanifin 40 1 3 1
Penalty Kill - 3 Players Forward
Forward Time % Phy DF OF
1 Mika Zibanejad 60 0 4 1
2 Tyler Seguin 40 0 4 1
Penalty Kill - 3 Players Defense
Defense Defense Time % Phy DF OF
1 Ryan Murray Dougie Hamilton 60 1 4 0
2 Troy Stetcher Noah Hanifin 40 1 4 0
4 vs 4 Forward
Center Wing Time % Phy DF OF
1 Mika Zibanejad Anthony Mantha 60 1 2 2
2 Tyler Seguin Pavel Buchnevich 40 1 2 2
4 vs 4 Defense
Defense Defense Time % Phy DF OF
1 Ryan Murray Dougie Hamilton 60 1 2 2
2 Troy Stetcher Noah Hanifin 40 1 2 2
Last Minutes Offensive
Center Left Wing Right Wing Defense Defense
Mika Zibanejad Anthony Mantha Jack Roslovic Ryan Murray Dougie Hamilton
Last Minutes Defensive
Center Left Wing Right Wing Defense Defense
Mika Zibanejad Anthony Mantha Jack Roslovic Ryan Murray Dougie Hamilton
Goaltenders
Starting : Jacob Markstrom
Backup : Filip Gustavsson
Extra Forwards
Normal : Pavel Buchnevich, Alex Tuch, Frank Vatrano - PP : Pavel Buchnevich, Alex Tuch - PK : Pavel Buchnevich
Extra Defensemen
Normal : Noah Hanifin, Jalen Chatfield, Nikita Zaitsev - PP : Noah Hanifin - PK : Noah Hanifin, Jalen Chatfield
Penalty Shots
Mika Zibanejad, Tyler Seguin, Jack Roslovic, Anthony Mantha, Pavel Buchnevich
Custom OT Lines Forwards
Mika Zibanejad, Tyler Seguin, Jack Roslovic, Anthony Mantha, Pavel Buchnevich, Alex Tuch, Frank Vatrano, Robby Fabbri, Roope Hintz, Sam Reinhart
Custom OT Lines Defensemen
Ryan Murray, Dougie Hamilton, Troy Stetcher, Noah Hanifin, Jalen Chatfield
Scratches
None
Blues
5 vs 5 Forward
Center Left Wing Right Wing Time % Phy DF OF
1 Alexander Kerfoot Filip Forsberg Nikolaj Ehlers 40 0 2 3
2 Tyler Toffoli Dominik Simon Jordan Kyrou 30 0 2 3
3 Vincent Trocheck Jujhar Khaira Joachim Blichfeld 20 1 2 2
4 Rourke Chartier Pierre Engvall Wayne Simmonds 10 0 3 2
5 vs 5 Defense
Defense Defense Time % Phy DF OF
1 Seth Jones Ethan Bear 40 1 2 2
2 Henri Jokiharju Cody Ceci 30 1 2 2
3 Josh Morrissey Jeremy Lauzon 20 1 2 2
4 Josh Morrissey Cody Ceci 10 1 2 2
PowerPlay Forward
Center Left Wing Right Wing Time % Phy DF OF
1 Alexander Kerfoot Filip Forsberg Jordan Kyrou 60 0 2 3
2 Tyler Toffoli Dominik Simon Nikolaj Ehlers 40 0 2 3
PowerPlay Defense
Defense Defense Time % Phy DF OF
1 Seth Jones Jeremy Lauzon 60 0 2 3
2 Henri Jokiharju Josh Morrissey 40 0 2 3
Penalty Kill 4 Players Forward
Center Wing Time % Phy DF OF
1 Tyler Toffoli Pierre Engvall 60 1 3 1
2 Vincent Trocheck Jujhar Khaira 40 1 3 1
Penalty Kill 4 Players Defense
Defense Defense Time % Phy DF OF
1 Cody Ceci Josh Morrissey 60 1 2 2
2 Jeremy Lauzon Henri Jokiharju 40 1 2 2
Penalty Kill - 3 Players Forward
Forward Time % Phy DF OF
1 Pierre Engvall 60 1 2 2
2 Tyler Toffoli 40 1 2 2
Penalty Kill - 3 Players Defense
Defense Defense Time % Phy DF OF
1 Cody Ceci Henri Jokiharju 60 1 2 2
2 Jeremy Lauzon Josh Morrissey 40 1 2 2
4 vs 4 Forward
Center Wing Time % Phy DF OF
1 Alexander Kerfoot Filip Forsberg 60 1 2 2
2 Tyler Toffoli Nikolaj Ehlers 40 1 2 2
4 vs 4 Defense
Defense Defense Time % Phy DF OF
1 Seth Jones Ethan Bear 60 1 2 2
2 Cody Ceci Henri Jokiharju 40 1 2 2
Last Minutes Offensive
Center Left Wing Right Wing Defense Defense
Alexander Kerfoot Filip Forsberg Nikolaj Ehlers Seth Jones Jeremy Lauzon
Last Minutes Defensive
Center Left Wing Right Wing Defense Defense
Tyler Toffoli Jujhar Khaira Wayne Simmonds Seth Jones Cody Ceci
Goaltenders
Starting : Jake Oettinger
Backup : Laurent Brossoit
Extra Forwards
Normal : Jordan Kyrou, Nikolaj Ehlers, Alexander Kerfoot - PP : Rourke Chartier, Joachim Blichfeld - PK : Jujhar Khaira
Extra Defensemen
Normal : Cody Ceci, Josh Morrissey, Seth Jones - PP : Cody Ceci - PK : Seth Jones, Josh Morrissey
Penalty Shots
Jordan Kyrou, Rourke Chartier, Filip Forsberg, Joachim Blichfeld, Vincent Trocheck
Custom OT Lines Forwards
Filip Forsberg, Alexander Kerfoot, Wayne Simmonds, Nikolaj Ehlers, Tyler Toffoli, Jordan Kyrou, Vincent Trocheck, Jujhar Khaira, Joachim Blichfeld, Dominik Simon
Custom OT Lines Defensemen
Seth Jones, Henri Jokiharju, Josh Morrissey, Ethan Bear, Cody Ceci
Scratches
Andrew Shaw (Healthy), David Perron (Healthy), Drew Shore (Healthy), Travis Sanheim (Torn Left MCL Injury)
% Time on Ice - Jets
Lines # - Real PCT - Wanted PCT - Time Play
Normal Forward
1 - 29% - 33% - 14:01
2 - 28% - 32% - 13:47
3 - 22% - 20% - 10:51
4 - 20% - 15% - 9:54
Normal Defense
1 - 35% - 35% - 17:14
2 - 30% - 30% - 14:26
3 - 27% - 25% - 13:14
4 - 8% - 10% - 3:39
PP Forward
1 - 55% - 60% - 1:39
2 - 45% - 40% - 1:20
PP Defense
1 - 53% - 60% - 1:35
2 - 47% - 40% - 1:24
PK Forward
1 - 66% - 60% - 4:05
2 - 34% - 40% - 2:05
PK Defense
1 - 61% - 60% - 3:46
2 - 39% - 40% - 2:24
PK3 Forward
1 - 0% - 60%
2 - 0% - 40%
PK3 Defense
1 - 0% - 60%
2 - 0% - 40%
44 Forward
1 - 100% - 60% - 1:10
2 - 0% - 40% - 0:00
44 Defense
1 - 100% - 60% - 1:10
2 - 0% - 40% - 0:00
Last Minute Offensive - 0:00
Last Minute Defensive - 1:08
Total
Forward - 60:00
Defense - 60:00
|
% Time on Ice - Blues
Lines # - Real PCT - Wanted PCT - Time Play
Normal Forward
1 - 31% - 40% - 15:17
2 - 27% - 30% - 12:57
3 - 26% - 20% - 12:33
4 - 16% - 10% - 7:47
Normal Defense
1 - 40% - 40% - 19:26
2 - 32% - 30% - 15:25
3 - 21% - 20% - 10:02
4 - 8% - 10% - 3:41
PP Forward
1 - 59% - 60% - 3:38
2 - 41% - 40% - 2:32
PP Defense
1 - 68% - 60% - 4:11
2 - 32% - 40% - 1:59
PK Forward
1 - 86% - 60% - 2:34
2 - 14% - 40% - 0:25
PK Defense
1 - 64% - 60% - 1:54
2 - 36% - 40% - 1:05
PK3 Forward
1 - 0% - 60%
2 - 0% - 40%
PK3 Defense
1 - 0% - 60%
2 - 0% - 40%
44 Forward
1 - 100% - 60% - 1:10
2 - 0% - 40% - 0:00
44 Defense
1 - 100% - 60% - 1:10
2 - 0% - 40% - 0:00
Last Minute Offensive - 1:07
Last Minute Defensive - 0:00
Total
Forward - 60:00
Defense - 60:00
|
Play-by-Play
1st period
0:01 of 1st period - Mika Zibanejad wins face-off versus Alexander Kerfoot in neutral zone.
0:26 of 1st period - Jordan Kyrou is hit by Alex Tuch and loses puck.
0:37 of 1st period - Wrist shot by Dominik Simon.
0:37 of 1st period - Stopped by Jacob Markstrom with a rebound.
1:32 of 1st period - Slapshot by Dominik Simon.
1:32 of 1st period - Stopped by Jacob Markstrom without a rebound.
1:33 of 1st period - Tyler Toffoli wins face-off versus Mika Zibanejad in Jets zone.
1:44 of 1st period - Slapshot by Tyler Toffoli.
1:44 of 1st period - Stopped by Jacob Markstrom with a rebound.
1:46 of 1st period - Slapshot by Jordan Kyrou.
1:46 of 1st period - Shot Misses the Net.
2:06 of 1st period - Snap shot by Filip Forsberg.
2:06 of 1st period - Stopped by Jacob Markstrom without a rebound.
2:07 of 1st period - Tyler Seguin wins face-off versus Filip Forsberg in Jets zone.
2:20 of 1st period - Snap shot by Filip Forsberg.
2:20 of 1st period - Shot Misses the Net.
2:22 of 1st period - Wrist shot by Alexander Kerfoot.
2:22 of 1st period - Deflect By Filip Forsberg.
2:22 of 1st period - Stopped by Jacob Markstrom with a rebound.
2:34 of 1st period - Ryan Murray is hit by Tyler Toffoli.
3:00 of 1st period - Slapshot by Tyler Seguin.
3:00 of 1st period - Shot Misses the Net.
3:03 of 1st period - Icing by Cody Ceci.
3:04 of 1st period - Vincent Trocheck wins face-off versus Mika Zibanejad in Blues zone.
3:18 of 1st period - Slapshot by Mika Zibanejad.
3:18 of 1st period - Stopped by Jake Oettinger with a rebound.
3:20 of 1st period - Wrist shot by Anthony Mantha.
3:20 of 1st period - Shot Misses the Net.
3:30 of 1st period - Snap shot by Jujhar Khaira.
3:30 of 1st period - Shot Blocked by Sam Reinhart.
4:19 of 1st period - Minor Penalty to Jalen Chatfield for Hooking.
4:20 of 1st period - Mika Zibanejad wins face-off versus Jordan Kyrou in Jets zone.
4:27 of 1st period - Off-side.
4:28 of 1st period - Mika Zibanejad wins face-off versus Alexander Kerfoot in neutral zone.
4:34 of 1st period - Icing by Alexander Kerfoot.
4:35 of 1st period - Mika Zibanejad wins face-off versus Alexander Kerfoot in Blues zone.
4:56 of 1st period - Wrist shot by Alexander Kerfoot.
4:56 of 1st period - Shot Misses the Net.
4:58 of 1st period - Slapshot by Jeremy Lauzon.
4:58 of 1st period - Shot Blocked by Dougie Hamilton.
6:19 of 1st period - Penalty to Jalen Chatfield is over, Jalen Chatfield is back on ice.
7:32 of 1st period - Snap shot by Jack Roslovic.
7:32 of 1st period - Goal by Jack Roslovic - Jets : 1 - Blues : 0.
7:33 of 1st period - Alexander Kerfoot wins face-off versus Jack Roslovic in neutral zone.
8:12 of 1st period - Snap shot by Pavel Buchnevich.
8:12 of 1st period - Stopped by Jake Oettinger without a rebound.
8:13 of 1st period - Alexander Kerfoot wins face-off versus Dylan Strome in Blues zone.
9:02 of 1st period - Snap shot by Mika Zibanejad.
9:02 of 1st period - Shot Blocked by Jujhar Khaira.
9:04 of 1st period - Slapshot by Dougie Hamilton.
9:04 of 1st period - Shot Blocked by Ethan Bear.
9:06 of 1st period - Slapshot by Ryan Murray.
9:06 of 1st period - Shot Blocked by Seth Jones.
9:08 of 1st period - Slapshot by Dougie Hamilton.
9:08 of 1st period - Shot Misses the Net.
9:10 of 1st period - Snap shot by Alex Tuch.
9:10 of 1st period - Stopped by Jake Oettinger without a rebound.
9:11 of 1st period - Alexander Kerfoot wins face-off versus Tyler Seguin in Blues zone.
9:11 of 1st period - Alexander Kerfoot is hit by Noah Hanifin.
10:24 of 1st period - Wrist shot by Wayne Simmonds.
10:24 of 1st period - Shot Hit the Post.
10:26 of 1st period - Backhand shot by Cody Ceci.
10:26 of 1st period - Shot Blocked by Jalen Chatfield.
10:28 of 1st period - Slapshot by Cody Ceci.
10:28 of 1st period - Stopped by Jacob Markstrom without a rebound.
10:29 of 1st period - Alexander Kerfoot wins face-off versus Mika Zibanejad in Jets zone.
11:22 of 1st period - Wrist shot by Dylan Strome.
11:22 of 1st period - Shot Misses the Net.
11:24 of 1st period - Wrist shot by Sam Reinhart.
11:24 of 1st period - Shot Blocked by Jeremy Lauzon.
11:26 of 1st period - Slapshot by Dougie Hamilton.
11:26 of 1st period - Shot Blocked by Jeremy Lauzon.
11:28 of 1st period - Wrist shot by Dougie Hamilton.
11:28 of 1st period - Shot Misses the Net.
11:40 of 1st period - Wrist shot by Anthony Beauvillier.
11:40 of 1st period - Shot Misses the Net.
11:42 of 1st period - Slapshot by Jalen Chatfield.
11:42 of 1st period - Deflect By Frank Vatrano.
11:42 of 1st period - Stopped by Jake Oettinger without a rebound.
11:43 of 1st period - Jack Roslovic wins face-off versus Rourke Chartier in Blues zone.
11:52 of 1st period - Slapshot by Jack Roslovic.
11:52 of 1st period - Shot Misses the Net.
12:34 of 1st period - Snap shot by Tyler Toffoli.
12:34 of 1st period - Shot Misses the Net.
12:36 of 1st period - Snap shot by Jordan Kyrou.
12:36 of 1st period - Stopped by Jacob Markstrom with a rebound.
12:42 of 1st period - Wrist shot by Jordan Kyrou.
12:42 of 1st period - Goal by Jordan Kyrou - Jets : 1 - Blues : 1.
12:43 of 1st period - Mika Zibanejad wins face-off versus Alexander Kerfoot in neutral zone.
12:46 of 1st period - Slapshot by Mika Zibanejad.
12:46 of 1st period - Shot Misses the Net.
12:56 of 1st period - Snap shot by Alexander Kerfoot.
12:56 of 1st period - Deflect By Nikolaj Ehlers.
12:56 of 1st period - Shot Misses the Net.
12:56 of 1st period - Puck is out of play.
12:57 of 1st period - Alexander Kerfoot wins face-off versus Mika Zibanejad in Jets zone.
12:58 of 1st period - Wrist shot by Nikolaj Ehlers.
12:58 of 1st period - Shot Misses the Net.
13:00 of 1st period - Slapshot by Ethan Bear.
13:00 of 1st period - Shot Misses the Net.
13:36 of 1st period - Snap shot by Tyler Toffoli.
13:36 of 1st period - Stopped by Jacob Markstrom without a rebound.
13:37 of 1st period - Vincent Trocheck wins face-off versus Frank Vatrano in Jets zone.
13:38 of 1st period - Wrist shot by Joachim Blichfeld.
13:38 of 1st period - Stopped by Jacob Markstrom with a rebound.
14:21 of 1st period - Slapshot by Anthony Beauvillier.
14:21 of 1st period - Stopped by Jake Oettinger with a rebound.
14:23 of 1st period - Wrist shot by Anthony Beauvillier.
14:23 of 1st period - Stopped by Jake Oettinger with a rebound.
14:25 of 1st period - Snap shot by Anthony Beauvillier.
14:25 of 1st period - Shot Misses the Net.
14:49 of 1st period - Snap shot by Jordan Kyrou.
14:49 of 1st period - Shot Misses the Net.
15:11 of 1st period - Snap shot by Roope Hintz.
15:11 of 1st period - Stopped by Jake Oettinger without a rebound.
15:12 of 1st period - Mika Zibanejad wins face-off versus Alexander Kerfoot in Blues zone.
15:13 of 1st period - Snap shot by Jack Roslovic.
15:13 of 1st period - Stopped by Jake Oettinger with a rebound.
15:45 of 1st period - Slapshot by Sam Reinhart.
15:45 of 1st period - Shot Blocked by Ethan Bear.
16:29 of 1st period - Slapshot by Anthony Mantha.
16:29 of 1st period - Stopped by Jake Oettinger with a rebound.
16:37 of 1st period - Wrist shot by Anthony Mantha.
16:37 of 1st period - Shot Misses the Net.
16:55 of 1st period - Slapshot by Sam Reinhart.
16:55 of 1st period - Shot Misses the Net.
16:57 of 1st period - Slapshot by Dougie Hamilton.
16:57 of 1st period - Stopped by Jake Oettinger with a rebound.
18:53 of 1st period - Wrist shot by Anthony Mantha.
18:53 of 1st period - Stopped by Jake Oettinger with a rebound.
18:55 of 1st period - Slapshot by Ryan Murray.
18:55 of 1st period - Shot Misses the Net.
19:06 of 1st period - Snap shot by Ryan Murray.
19:06 of 1st period - Deflect By Anthony Mantha.
19:06 of 1st period - Shot Misses the Net.
19:06 of 1st period - Puck is out of play.
19:07 of 1st period - Rourke Chartier wins face-off versus Tyler Seguin in Blues zone.
19:22 of 1st period - Wayne Simmonds is hit by Alex Tuch and loses puck.
19:37 of 1st period - Nikolaj Ehlers is hit by Sam Reinhart and loses puck.
19:46 of 1st period - Dylan Strome is hit by Alexander Kerfoot and loses puck.
Goals for this period are 1 for Jets vs 1 for Blues.
Shots for this period are 12 for Jets vs 10 for Blues.
2nd period
0:01 of 2nd period - Alexander Kerfoot wins face-off versus Tyler Seguin in neutral zone.
0:50 of 2nd period - Slapshot by Ethan Bear.
0:50 of 2nd period - Shot Misses the Net.
1:00 of 2nd period - Wrist shot by Joachim Blichfeld.
1:00 of 2nd period - Shot Misses the Net.
1:02 of 2nd period - Snap shot by Seth Jones.
1:02 of 2nd period - Shot Misses the Net.
1:14 of 2nd period - Snap shot by Anthony Beauvillier.
1:14 of 2nd period - Stopped by Jake Oettinger with a rebound.
1:20 of 2nd period - Josh Morrissey is hit by Frank Vatrano and loses puck.
1:39 of 2nd period - Wrist shot by Alexander Kerfoot.
1:39 of 2nd period - Deflect By Filip Forsberg.
1:39 of 2nd period - Goal by Filip Forsberg - Jets : 1 - Blues : 2.
1:40 of 2nd period - Alexander Kerfoot wins face-off versus Tyler Seguin in neutral zone.
1:55 of 2nd period - Snap shot by Alex Tuch.
1:55 of 2nd period - Shot Misses the Net.
1:57 of 2nd period - Slapshot by Ryan Murray.
1:57 of 2nd period - Shot Blocked by Alexander Kerfoot.
2:16 of 2nd period - Snap shot by Dominik Simon.
2:16 of 2nd period - Deflect By Tyler Toffoli.
2:16 of 2nd period - Stopped by Jacob Markstrom with a rebound.
2:18 of 2nd period - Snap shot by Cody Ceci.
2:18 of 2nd period - Stopped by Jacob Markstrom without a rebound.
2:19 of 2nd period - Tyler Seguin wins face-off versus Vincent Trocheck in Jets zone.
2:24 of 2nd period - Seth Jones is hit by Alex Tuch and loses puck.
2:33 of 2nd period - Wrist shot by Tyler Seguin.
2:33 of 2nd period - Stopped by Jake Oettinger with a rebound.
2:46 of 2nd period - Minor Penalty to Jack Roslovic for Roughing.
2:47 of 2nd period - Mika Zibanejad wins face-off versus Alexander Kerfoot in Jets zone.
3:56 of 2nd period - Mika Zibanejad is hit by Josh Morrissey and loses puck.
4:46 of 2nd period - Penalty to Jack Roslovic is over, Jack Roslovic is back on ice.
4:55 of 2nd period - Slapshot by Seth Jones.
4:55 of 2nd period - Deflect By Frank Vatrano.
4:55 of 2nd period - Stopped by Jacob Markstrom without a rebound.
4:56 of 2nd period - Joachim Blichfeld wins face-off versus Roope Hintz in Jets zone.
5:19 of 2nd period - Minor Penalty to Frank Vatrano for Hooking.
5:20 of 2nd period - Mika Zibanejad wins face-off versus Alexander Kerfoot in Jets zone.
5:53 of 2nd period - Slapshot by Nikolaj Ehlers.
5:53 of 2nd period - Shot Misses the Net.
5:55 of 2nd period - Slapshot by Tyler Toffoli.
5:55 of 2nd period - Stopped by Jacob Markstrom without a rebound.
5:56 of 2nd period - Alexander Kerfoot wins face-off versus Tyler Seguin in Jets zone.
5:57 of 2nd period - Wrist shot by Filip Forsberg.
5:57 of 2nd period - Stopped by Jacob Markstrom with a rebound.
6:32 of 2nd period - Slapshot by Jeremy Lauzon.
6:32 of 2nd period - Stopped by Jacob Markstrom with a rebound.
6:34 of 2nd period - Wrist shot by Tyler Toffoli.
6:34 of 2nd period - Deflect By Dominik Simon.
6:34 of 2nd period - Stopped by Jacob Markstrom without a rebound.
6:35 of 2nd period - Alexander Kerfoot wins face-off versus Mika Zibanejad in Jets zone.
6:42 of 2nd period - Wrist shot by Jordan Kyrou.
6:42 of 2nd period - Goal by Jordan Kyrou - Jets : 1 - Blues : 3.
6:43 of 2nd period - Mika Zibanejad wins face-off versus Alexander Kerfoot in neutral zone.
8:10 of 2nd period - Snap shot by Joachim Blichfeld.
8:10 of 2nd period - Stopped by Jacob Markstrom without a rebound.
8:11 of 2nd period - Mika Zibanejad wins face-off versus Nikolaj Ehlers in Jets zone.
8:18 of 2nd period - Slapshot by Noah Hanifin.
8:18 of 2nd period - Stopped by Jake Oettinger with a rebound.
9:02 of 2nd period - Nikita Zaitsev is hit by Wayne Simmonds and loses puck.
9:27 of 2nd period - Wrist shot by Nikolaj Ehlers.
9:27 of 2nd period - Shot Misses the Net.
9:36 of 2nd period - Icing by Nikita Zaitsev.
9:37 of 2nd period - Vincent Trocheck wins face-off versus Mika Zibanejad in Jets zone.
9:56 of 2nd period - Wrist shot by Jack Roslovic.
9:56 of 2nd period - Stopped by Jake Oettinger without a rebound.
9:57 of 2nd period - Alexander Kerfoot wins face-off versus Tyler Seguin in Blues zone.
10:24 of 2nd period - Dylan Strome is hit by Dominik Simon and loses puck.
11:37 of 2nd period - Henri Jokiharju is hit by Anthony Beauvillier and loses puck.
11:44 of 2nd period - Snap shot by Frank Vatrano.
11:44 of 2nd period - Shot Misses the Net.
11:50 of 2nd period - Dougie Hamilton is hit by Vincent Trocheck.
12:40 of 2nd period - Snap shot by Jujhar Khaira.
12:40 of 2nd period - Shot Misses the Net.
12:42 of 2nd period - Snap shot by Vincent Trocheck.
12:42 of 2nd period - Stopped by Jacob Markstrom with a rebound.
13:06 of 2nd period - Snap shot by Joachim Blichfeld.
13:06 of 2nd period - Stopped by Jacob Markstrom with a rebound.
13:56 of 2nd period - Snap shot by Joachim Blichfeld.
13:56 of 2nd period - Stopped by Jacob Markstrom without a rebound.
13:57 of 2nd period - Mika Zibanejad wins face-off versus Alexander Kerfoot in Jets zone.
14:14 of 2nd period - Snap shot by Jack Roslovic.
14:14 of 2nd period - Stopped by Jake Oettinger without a rebound.
14:15 of 2nd period - Tyler Toffoli wins face-off versus Tyler Seguin in Blues zone.
16:07 of 2nd period - Rourke Chartier is hit by Noah Hanifin and loses puck.
16:22 of 2nd period - Josh Morrissey is hit by Dylan Strome and loses puck.
16:37 of 2nd period - Jack Roslovic is hit by Jeremy Lauzon and loses puck.
16:50 of 2nd period - Wayne Simmonds is hit by Alex Tuch and loses puck.
16:59 of 2nd period - Nikita Zaitsev is hit by Pierre Engvall and loses puck.
17:17 of 2nd period - Filip Forsberg is hit by Troy Stetcher and loses puck.
17:30 of 2nd period - Wrist shot by Alex Tuch.
17:30 of 2nd period - Shot Misses the Net.
17:43 of 2nd period - Slapshot by Anthony Mantha.
17:43 of 2nd period - Deflect By Pavel Buchnevich.
17:43 of 2nd period - Stopped by Jake Oettinger without a rebound.
17:44 of 2nd period - Dylan Strome wins face-off versus Tyler Toffoli in Blues zone.
17:45 of 2nd period - Slapshot by Robby Fabbri.
17:45 of 2nd period - Shot Misses the Net.
17:47 of 2nd period - Slapshot by Robby Fabbri.
17:47 of 2nd period - Shot Misses the Net.
17:53 of 2nd period - Dougie Hamilton is hit by Dominik Simon and loses puck.
19:01 of 2nd period - Ethan Bear is hit by Nikita Zaitsev and loses puck.
Goals for this period are 0 for Jets vs 2 for Blues.
Shots for this period are 6 for Jets vs 13 for Blues.
3rd period
0:01 of 3rd period - Mika Zibanejad wins face-off versus Alexander Kerfoot in neutral zone.
0:27 of 3rd period - Tyler Seguin is hit by Jordan Kyrou and loses puck.
1:12 of 3rd period - Frank Vatrano is hit by Josh Morrissey and loses puck.
1:19 of 3rd period - Slapshot by Filip Forsberg.
1:19 of 3rd period - Shot Misses the Net.
1:39 of 3rd period - Anthony Beauvillier is hit by Tyler Toffoli and loses puck.
1:46 of 3rd period - Wrist shot by Tyler Toffoli.
1:46 of 3rd period - Stopped by Jacob Markstrom with a rebound.
2:01 of 3rd period - Seth Jones is hit by Anthony Mantha and loses puck.
2:24 of 3rd period - Wrist shot by Pavel Buchnevich.
2:24 of 3rd period - Shot Blocked by Josh Morrissey.
2:28 of 3rd period - Snap shot by Tyler Seguin.
2:28 of 3rd period - Shot Misses the Net.
2:30 of 3rd period - Wrist shot by Tyler Seguin.
2:30 of 3rd period - Shot Misses the Net.
2:48 of 3rd period - Jeremy Lauzon is hit by Robby Fabbri and loses puck.
3:09 of 3rd period - Mika Zibanejad is hit by Josh Morrissey and loses puck.
3:24 of 3rd period - Wrist shot by Pavel Buchnevich.
3:24 of 3rd period - Stopped by Jake Oettinger with a rebound.
3:47 of 3rd period - Minor Penalty to Cody Ceci for Holding.
3:48 of 3rd period - Tyler Toffoli wins face-off versus Mika Zibanejad in Blues zone.
3:58 of 3rd period - Slapshot by Dougie Hamilton.
3:58 of 3rd period - Goal by Dougie Hamilton - Jets : 2 - Blues : 3.
3:59 of 3rd period - Mika Zibanejad wins face-off versus Alexander Kerfoot in neutral zone.
4:02 of 3rd period - Snap shot by Jack Roslovic.
4:02 of 3rd period - Deflect By Filip Forsberg.
4:02 of 3rd period - Stopped by Jake Oettinger without a rebound.
4:03 of 3rd period - Jack Roslovic wins face-off versus Alexander Kerfoot in Blues zone.
4:26 of 3rd period - Minor Penalty to Ethan Bear for Slashing.
4:27 of 3rd period - Tyler Toffoli wins face-off versus Mika Zibanejad in Blues zone.
4:40 of 3rd period - Wrist shot by Pierre Engvall.
4:40 of 3rd period - Shot Misses the Net.
4:42 of 3rd period - Slapshot by Josh Morrissey.
4:42 of 3rd period - Stopped by Jacob Markstrom with a rebound.
4:44 of 3rd period - Wrist shot by Pierre Engvall.
4:44 of 3rd period - Stopped by Jacob Markstrom with a rebound.
4:54 of 3rd period - Josh Morrissey is hit by Ryan Murray and loses puck.
5:26 of 3rd period - Icing by Pavel Buchnevich.
5:27 of 3rd period - Jujhar Khaira wins face-off versus Tyler Seguin in Jets zone.
5:36 of 3rd period - Troy Stetcher is hit by Henri Jokiharju and loses puck.
6:26 of 3rd period - Penalty to Ethan Bear is over, Ethan Bear is back on ice.
6:35 of 3rd period - Wrist shot by Nikolaj Ehlers.
6:35 of 3rd period - Stopped by Jacob Markstrom with a rebound.
6:37 of 3rd period - Snap shot by Alexander Kerfoot.
6:37 of 3rd period - Shot Misses the Net.
7:05 of 3rd period - Wrist shot by Troy Stetcher.
7:05 of 3rd period - Shot Blocked by Vincent Trocheck.
7:19 of 3rd period - Anthony Mantha is hit by Dominik Simon and loses puck.
7:56 of 3rd period - Pierre Engvall is hit by Robby Fabbri and loses puck.
8:42 of 3rd period - Alex Tuch is hit by Jujhar Khaira and loses puck.
8:47 of 3rd period - Wrist shot by Vincent Trocheck.
8:47 of 3rd period - Stopped by Jacob Markstrom without a rebound.
8:48 of 3rd period - Tyler Seguin wins face-off versus Alexander Kerfoot in Jets zone.
9:32 of 3rd period - Off-side.
9:33 of 3rd period - Vincent Trocheck wins face-off versus Dylan Strome in neutral zone.
10:08 of 3rd period - Snap shot by Dominik Simon.
10:08 of 3rd period - Shot Blocked by Dougie Hamilton.
10:17 of 3rd period - Minor Penalty to Tyler Toffoli for Slashing.
10:18 of 3rd period - Jack Roslovic wins face-off versus Pierre Engvall in Blues zone.
10:44 of 3rd period - Jujhar Khaira is hit by Pavel Buchnevich and loses puck.
11:06 of 3rd period - Minor Penalty to Jack Roslovic for Hooking.
11:07 of 3rd period - Alexander Kerfoot wins face-off versus Mika Zibanejad in Jets zone.
11:21 of 3rd period - Wrist shot by Mika Zibanejad.
11:21 of 3rd period - Stopped by Jake Oettinger without a rebound.
11:22 of 3rd period - Alexander Kerfoot wins face-off versus Mika Zibanejad in Blues zone.
11:31 of 3rd period - Snap shot by Alexander Kerfoot.
11:31 of 3rd period - Stopped by Jacob Markstrom without a rebound.
11:32 of 3rd period - Mika Zibanejad wins face-off versus Alexander Kerfoot in Jets zone.
11:53 of 3rd period - Wrist shot by Mika Zibanejad.
11:53 of 3rd period - Goal by Mika Zibanejad - Jets : 3 - Blues : 3.
11:54 of 3rd period - Alexander Kerfoot wins face-off versus Mika Zibanejad in neutral zone.
12:17 of 3rd period - Penalty to Tyler Toffoli is over, Tyler Toffoli is back on ice.
12:34 of 3rd period - Slapshot by Seth Jones.
12:34 of 3rd period - Shot Blocked by Tyler Seguin.
12:36 of 3rd period - Snap shot by Ethan Bear.
12:36 of 3rd period - Deflect By Tyler Toffoli.
12:36 of 3rd period - Stopped by Jacob Markstrom with a rebound.
13:06 of 3rd period - Penalty to Jack Roslovic is over, Jack Roslovic is back on ice.
13:22 of 3rd period - Wrist shot by Vincent Trocheck.
13:22 of 3rd period - Stopped by Jacob Markstrom without a rebound.
13:23 of 3rd period - Tyler Seguin wins face-off versus Pierre Engvall in Jets zone.
13:55 of 3rd period - Slapshot by Robby Fabbri.
13:55 of 3rd period - Shot Misses the Net.
13:57 of 3rd period - Wrist shot by Dylan Strome.
13:57 of 3rd period - Shot Misses the Net.
13:59 of 3rd period - Slapshot by Jalen Chatfield.
13:59 of 3rd period - Shot Blocked by Seth Jones.
14:01 of 3rd period - Snap shot by Sam Reinhart.
14:01 of 3rd period - Shot Blocked by Jordan Kyrou.
14:19 of 3rd period - Slapshot by Jack Roslovic.
14:19 of 3rd period - Shot Misses the Net.
14:21 of 3rd period - Wrist shot by Jack Roslovic.
14:21 of 3rd period - Goal by Jack Roslovic - Jets : 4 - Blues : 3.
14:22 of 3rd period - Alexander Kerfoot wins face-off versus Tyler Seguin in neutral zone.
15:20 of 3rd period - Wrist shot by Robby Fabbri.
15:20 of 3rd period - Deflect By Dylan Strome.
15:20 of 3rd period - Stopped by Jake Oettinger with a rebound.
16:00 of 3rd period - Backhand shot by Alex Tuch.
16:00 of 3rd period - Shot Misses the Net.
16:02 of 3rd period - Slapshot by Alex Tuch.
16:02 of 3rd period - Stopped by Jake Oettinger without a rebound.
16:03 of 3rd period - Dylan Strome wins face-off versus Alexander Kerfoot in Blues zone.
16:04 of 3rd period - Snap shot by Sam Reinhart.
16:04 of 3rd period - Shot Misses the Net.
16:56 of 3rd period - Wrist shot by Tyler Seguin.
16:56 of 3rd period - Shot Blocked by Seth Jones.
16:58 of 3rd period - Slapshot by Nikita Zaitsev.
16:58 of 3rd period - Stopped by Jake Oettinger without a rebound.
16:59 of 3rd period - Alexander Kerfoot wins face-off versus Tyler Seguin in Blues zone.
17:31 of 3rd period - Slapshot by Tyler Toffoli.
17:31 of 3rd period - Stopped by Jacob Markstrom with a rebound.
17:33 of 3rd period - Wrist shot by Ethan Bear.
17:33 of 3rd period - Deflect By Dominik Simon.
17:33 of 3rd period - Shot Misses the Net.
17:33 of 3rd period - Puck is out of play.
17:34 of 3rd period - Dylan Strome wins face-off versus Alexander Kerfoot in Jets zone.
17:47 of 3rd period - Snap shot by Nikolaj Ehlers.
17:47 of 3rd period - Stopped by Jacob Markstrom without a rebound.
17:48 of 3rd period - Dylan Strome wins face-off versus Alexander Kerfoot in Jets zone.
18:26 of 3rd period - Slapshot by Dominik Simon.
18:26 of 3rd period - Shot Misses the Net.
19:00 of 3rd period - Wrist shot by Anthony Mantha.
19:00 of 3rd period - Stopped by Jake Oettinger with a rebound.
19:02 of 3rd period - Wrist shot by Mika Zibanejad.
19:02 of 3rd period - Stopped by Jake Oettinger without a rebound.
19:03 of 3rd period - Paul Kariya call a timeout for Blues.
19:03 of 3rd period - Alexander Kerfoot wins face-off versus Mika Zibanejad in Blues zone.
19:08 of 3rd period - Blues, Jake Oettinger is pulled from the net.
19:43 of 3rd period - Snap shot by Alexander Kerfoot.
19:43 of 3rd period - Shot Misses the Net.
19:45 of 3rd period - Wrist shot by Jeremy Lauzon.
19:45 of 3rd period - Stopped by Jacob Markstrom without a rebound.
19:46 of 3rd period - Alexander Kerfoot wins face-off versus Jack Roslovic in Jets zone.
19:55 of 3rd period - Jalen Chatfield is hit by Nikolaj Ehlers and loses puck.
Goals for this period are 3 for Jets vs 0 for Blues.
Shots for this period are 11 for Jets vs 11 for Blues.